 Dungeon Crawl Stone Soup version bcrawl-1.41.1 (webtiles) character file.

Game seed: 3196642718834495170

231134 Yshiel the Chiller (level 6, -10/44 HPs)
             Began as a Gnoll Ice Elementalist on Apr 24, 2024.
             Mangled by Blork the orc
             ... wielding a +0 scimitar
              (20 damage)
             ... on level 4 of the Dungeon.
             The game lasted 00:18:47 (2420 turns).

Yshiel the Chiller (Gnoll Ice Elementalist)         Turns: 2420, Time: 00:18:48

Health: -10/44     AC:  2    Str: 11    XL:     6   Next: 79%
Magic:  8/14       EV: 15    Int: 17    God:
Gold:   264        SH:  4    Dex: 17    Spells: 14/15 levels left

rFire    . . .     GDR:     30% b - +1 dagger
rCold    . . .     SeeInvis .   (no shield)
rNeg     . . .     Gourm    .   a - +0 robe
rPois    .         Faith    .   (no helmet)
rElec    +         Spirit   .   (no cloak)
rCorr    .         Reflect  +   (no gloves)
MR       .....                  (no boots)
Stlth    +++.......             C - +4 amulet of reflection
HPRegen  0.17/turn              k - ring of insulation
MPRegen  0.14/turn              (no ring)

@: no status effects
A: distributed training, fangs 1, strong nose
a: no special abilities


You were on level 4 of the Dungeon.
You were not hungry.

You visited 1 branch of the dungeon, and saw 4 of its levels.

You collected 264 gold pieces.

Inventory:

Hand Weapons
 b - a +1 dagger (weapon)
 B - a +2 dire flail of holy wrath
Missiles
 d - 848 stones (quivered)
 r - 300 bolts
 v - 84 poisoned needles
 D - 154 arrows
 E - 206 sling bullets
Armour
 a - a +0 robe (worn)
 s - a +0 cloak of poison resistance
Jewellery
 k - a ring of insulation (left hand)
 w - an uncursed amulet of the acrobat
 C - a +4 amulet of reflection (around neck)
Wands
 c - a wand of iceblast (1)
 n - a wand of acid (5)
 z - a wand of flame (44)
Scrolls
 f - a scroll of amnesia
 g - a scroll of fog {unknown}
 i - a scroll of identify
 l - a scroll of revelation
 m - a scroll of enchant weapon
 p - a scroll of noise {unknown}
 q - a scroll of enchant armour {unknown}
 u - a scroll of blinking {unknown}
 y - a scroll of remove curse
Potions
 h - a potion of invisibility {unknown}
 j - a potion of heal wounds {unknown}
 o - a potion of ambrosia {unknown}
 t - 3 potions of flight
 A - a potion of curing
Comestibles
 e - 7 rations {!d}


   Skills:
 + Level 2.1 Fighting
 + Level 2.1 Short Blades
 + Level 2.1 Long Blades
 + Level 2.1 Axes
 + Level 2.1 Maces & Flails
 + Level 2.1 Polearms
 + Level 2.1 Staves
 + Level 2.1 Slings
 + Level 2.1 Bows
 + Level 2.1 Crossbows
 + Level 2.1 Throwing
 + Level 2.1 Armour
 + Level 5.0 Dodging
 + Level 5.0 Stealth
 + Level 2.1 Shields
 + Level 2.1 Unarmed Combat
 + Level 5.4 Spellcasting
 + Level 2.7 Conjurations
 + Level 1.6 Hexes
 + Level 1.6 Charms
 + Level 1.6 Summonings
 + Level 1.6 Necromancy
 + Level 1.6 Translocations
 + Level 1.6 Transmutations
 + Level 1.6 Fire Magic
 + Level 5.7 Ice Magic
 + Level 1.6 Air Magic
 + Level 1.6 Earth Magic
 + Level 1.6 Poison Magic
 + Level 2.3 Invocations
 + Level 2.1 Evocations


You had 14 spell levels left.
You knew the following spells:

 Your Spells              Type           Power        Failure   Level  Hunger
a - Freeze                Ice            ###...       1%          1    None

Your spell library contained the following spells:

 Spells                   Type           Power        Failure   Level  Hunger
 Throw Frost              Conj/Ice       ###...       1%          2    None
 Ozocubu's Armour         Chrm/Ice       ###.....     9%          3    ##.....
 Throw Icicle             Conj/Ice       ###.....     24%         4    ####...
 Ice Form                 Ice/Tmut       ###.....     30%         4    ####...
 Summon Ice Beast         Ice/Summ       ###.....     30%         4    ####...


Dungeon Overview and Level Annotations

Branches:
Dungeon (4/12)
 Temple: D:4-7

Altars:
Fedhas

Shops:
D:4 (

Annotations:
D:4 Blork the orc


Innate Abilities, Weirdness & Mutations

Your experience applies equally to all skills.
You have very sharp teeth.
Your uncanny sense of smell can sniff out nearby items.


Message History

Blork the orc casts a spell at you. The puff of flame hits you.
* * * LOW HITPOINT WARNING * * *
Casting: Freeze (safe; 1% risk of failure)
Confirm with . or Enter, or press ? or * to list all spells.
Aiming: Freeze (safe; 1% risk of failure)
Press: ? - help, Shift-Dir - straight line, f/p - Blork the orc
Aim: Blork the orc, wielding a +0 scimitar and wearing a +0 robe (severely wounded, fast, unusually strong)
You freeze Blork the orc.
Blork the orc is severely wounded.
Blork the orc mumbles some strange words.
Blork the orc flickers and vanishes!
Deactivating autopickup; reactivate with Ctrl-A.
All of the chunks of flesh in your inventory have rotted away.
Casting: Freeze (safe; 1% risk of failure)
Confirm with . or Enter, or press ? or * to list all spells.
Aiming: Freeze (safe; 1% risk of failure)
Press: ? - help, Shift-Dir - straight line You freeze something!
Something hits you!!
You die...

#.#
#....#.###########
#....#...........#
#....###########.#
.%..# #.### ...#
#...# ..# #)..#
#{# #...# #@#
#...# #.# #...#
#.# #...# #.#
#.### #######.#
#.# #^......# #.#
#.####### #.# #.#
#.# #.# #.#


There were no monsters in sight!

Vanquished Creatures
  Edmund (D:4)
  A bullfrog (D:3)
  Crazy Yiuf (D:3)
  A worker ant (D:4)
  A hound skeleton (D:4)
  4 adders (D:3)
  2 oozes
  An adder skeleton (D:3)
  6 worms
  3 dart slugs
  6 leopard geckos
  An orc (D:4)
  4 giant cockroaches
  11 goblins
  7 hobgoblins
  A quokka (D:2)
  2 ball pythons (D:3)
  6 bats
  3 frilled lizards
  10 kobolds
  A quokka skeleton (D:4)
  4 rats
77 creatures vanquished.

Notes
Turn   | Place    | Note
-------+----------+-------------------------------------------
     0 | D:1      | Yshiel the Gnoll Ice Elementalist began the quest for the
                  | Orb.
     0 | D:1      | Reached XP level 1. HP: 13/13 MP: 6/6
    38 | D:1      | Reached XP level 2. HP: 15/19 MP: 0/7
   374 | D:1      | Reached XP level 3. HP: 25/25 MP: 7/9
   485 | D:1      | Reached skill level 5 in Spellcasting
   629 | D:2      | Reached skill level 1 in Invocations
   739 | D:2      | Reached skill level 1 in Fighting
   739 | D:2      | Reached skill level 1 in Short Blades
   739 | D:2      | Reached skill level 1 in Long Blades
   739 | D:2      | Reached skill level 1 in Axes
   739 | D:2      | Reached skill level 1 in Maces & Flails
   739 | D:2      | Reached skill level 1 in Polearms
   739 | D:2      | Reached skill level 1 in Staves
   739 | D:2      | Reached skill level 1 in Slings
   739 | D:2      | Reached skill level 1 in Bows
   739 | D:2      | Reached skill level 1 in Crossbows
   739 | D:2      | Reached skill level 1 in Throwing
   739 | D:2      | Reached skill level 1 in Armour
   739 | D:2      | Reached skill level 1 in Shields
   739 | D:2      | Reached skill level 1 in Unarmed Combat
   739 | D:2      | Reached skill level 1 in Evocations
   766 | D:2      | Reached XP level 4. HP: 26/32 MP: 11/11
  1307 | D:3      | Noticed a bullfrog
  1310 | D:3      | Killed a bullfrog
  1311 | D:3      | Reached skill level 1 in Hexes
  1311 | D:3      | Reached skill level 1 in Charms
  1311 | D:3      | Reached skill level 1 in Summonings
  1311 | D:3      | Reached skill level 1 in Necromancy
  1311 | D:3      | Reached skill level 1 in Translocations
  1311 | D:3      | Reached skill level 1 in Transmutations
  1311 | D:3      | Reached skill level 1 in Fire Magic
  1311 | D:3      | Reached skill level 1 in Air Magic
  1311 | D:3      | Reached skill level 1 in Earth Magic
  1311 | D:3      | Reached skill level 1 in Poison Magic
  1311 | D:3      | Reached XP level 5. HP: 37/37 MP: 10/12
  1481 | D:3      | Found a runed door.
  1485 | D:3      | Noticed Crazy Yiuf
  1494 | D:3      | Killed Crazy Yiuf
  1840 | D:3      | Found a blossoming altar of Fedhas.
  2022 | D:3      | Reached XP level 6. HP: 44/44 MP: 13/13
  2183 | D:4      | Noticed Edmund
  2194 | D:4      | Killed Edmund
  2195 | D:4      | Reached skill level 5 in Dodging
  2195 | D:4      | Reached skill level 5 in Stealth
  2268 | D:4      | Found Rexkeugg's Antique Weapon Boutique.
  2409 | D:4      | Noticed Blork the orc
  2420 | D:4      | Mangled by Blork the orc

Skill      XL: |  1  2  3  4  5  6 |
---------------+-------------------+-----
Conjurations   | 2 |  2.7
Spellcasting   | 5 |  5.4
Invocations    | 1 2 |  2.3
Fighting       | 1 2 |  2.1
Short Blades   | 1 2 |  2.1
Long Blades    | 1 2 |  2.1
Axes           | 1 2 |  2.1
Maces & Flails | 1 2 |  2.1
Polearms       | 1 2 |  2.1
Staves         | 1 2 |  2.1
Slings         | 1 2 |  2.1
Bows           | 1 2 |  2.1
Crossbows      | 1 2 |  2.1
Throwing       | 1 2 |  2.1
Armour         | 1 2 |  2.1
Shields        | 1 2 |  2.1
Unarmed Combat | 1 2 |  2.1
Evocations     | 1 2 |  2.1
Hexes          | 1 |  1.6
Charms         | 1 |  1.6
Summonings     | 1 |  1.6
Necromancy     | 1 |  1.6
Translocations | 1 |  1.6
Transmutations | 1 |  1.6
Fire Magic     | 1 |  1.6
Air Magic      | 1 |  1.6
Earth Magic    | 1 |  1.6
Poison Magic   | 1 |  1.6
Dodging        | 5 |  5.0
Stealth        | 5 |  5.0
Ice Magic      | |  5.7

Action                   |  1- 3 |  4- 6 || total
-------------------------+-------+-------++-------
Melee: Dagger            |    44 |    42 ||    86
       Bite              |     1 |     5 ||     6
 Cast: Freeze            |    25 |    52 ||    77
Evoke: Wand              |       |     2 ||     2
  Use: Scroll            |       |     5 ||     5
 Stab: Sleeping          |    12 |    11 ||    23
  Eat: Chunk             |     1 |     7 ||     8
Armor: Robe              |     7 |     6 ||    13
Dodge: Dodged            |    49 |    41 ||    90
Block: Other             |       |     2 ||     2
